 Dungeon Crawl Stone Soup version 0.20-a0-772-g73021bd (webtiles) character file.

84 Minion the Ogre Mage (level 4, -2/39 HPs)
             Began as an Ogre Fire Elementalist on Feb 27, 2017.
             Slain by an orc priest
             ... wielding a +0 whip
              (5 damage)
             ... on level 3 of the Dungeon.
             The game lasted 00:06:50 (2978 turns).

Minion the Ogre Mage (Ogre Fire Elementalist)       Turns: 2978, Time: 00:06:50

Health: -2/39      AC:  3    Str: 12    XL:     4   Next: 45%
Magic:  1/10       EV: 10    Int: 17    God:
Gold:   120        SH:  0    Dex:  9    Spells: 5/11 levels left

rFire    . . .     SeeInvis .   p - +0 broad axe
rCold    . . .     Gourm    .   a - +0 robe
rNeg     . . .     Faith    .   (no shield)
rPois    .         Spirit   .   (helmet restricted)
rElec    .         Reflect  .   (no cloak)
rCorr    .         Harm     .   (gloves unavailable)
MR       .....                  (boots unavailable)
Stlth    +.........             (no amulet)
Regen    0.2/turn               (no ring)
MPRegen  0.2/turn               (no ring)

@: no status effects
A: unfitting armour, tough skin 1
a: no special abilities


You were on level 3 of the Dungeon.
You were hungry.

You visited 1 branch of the dungeon, and saw 3 of its levels.

You collected 120 gold pieces.

Inventory:

Hand Weapons
 p - a +0 broad axe (weapon)
Armour
 a - a +0 robe (worn)
Wands
 r - a wand of random effects (35/48)
Scrolls
 e - a scroll of magic mapping {unknown}
 k - 2 scrolls of teleportation {unknown}
 o - a scroll of enchant armour {unknown}
Potions
 d - a potion of invisibility {unknown}
 f - 2 potions of lignification {unknown}
 h - 3 potions of heal wounds {unknown}
 j - a potion of magic {unknown}
 l - 2 potions of brilliance {unknown}
 m - 2 potions of agility {unknown}
 q - a potion of curing {unknown}
Books
 b - a book of Flames

   Spells                             Type                      Level
   a - Flame Tongue                   Conjuration/Fire             1
   b - Throw Flame                    Conjuration/Fire             2
   c - Conjure Flame                  Conjuration/Fire             3
   d - Inner Flame                    Hexes/Fire                   3
   e - Sticky Flame                   Conjuration/Fire             4
   f - Fireball                       Conjuration/Fire             5
Comestibles
 c - 3 bread rations
 g - 3 meat rations
 i - 2 royal jellies
 n - 2 chunks of flesh


   Skills:
 - Level 1.7 Dodging
 - Level 1.4 Stealth
 + Level 4.0 Spellcasting
 - Level 0.8 Conjurations
 + Level 3.7 Fire Magic


You had 5 spell levels left.
You knew the following spells:

 Your Spells              Type           Power        Failure   Level  Hunger
a - Flame Tongue          Conj/Fire      ##...        10%         1    None
b - Throw Flame           Conj/Fire      ##....       12%         2    ##.....
c - Inner Flame           Hex/Fire       #.......     24%         3    ###....


Dungeon Overview and Level Annotations

Branches:
Dungeon (3/15)

Altars:
Elyvilon
Trog
Xom


Innate Abilities, Weirdness & Mutations

You are too large for most types of armour.
You have tough skin. (AC +1)


Message History

The orc priest is filled with an inner flame.
The orc priest closely misses you.
Casting: Inner Flame
Confirm with . or Enter, or press ? or * to list all spells.
Aiming: Throw Flame
Press: ? - help, Shift-Dir - straight line, f/p - orc priest
Aim: an orc priest, wielding a whip and wearing a ring mail (moderately wounded, inner flame)
The puff of flame hits the orc priest.
The orc priest is moderately wounded.
The orc priest hits you with a whip.
* * * LOW HITPOINT WARNING * * *
You hit the orc priest but do no damage.
The orc priest is moderately wounded.
The orc priest hits you but does no damage.
The orc priest hits you with a whip.
* * * LOW HITPOINT WARNING * * *
You hit the orc priest but do no damage.
The orc priest is moderately wounded.
The orc priest hits you with a whip.
You die...

#############...####
#................#
#.###########...##
#.# ##.## #o# #.#
#.# #.# .. #.# #+#
.. #o###### #≈
#oo@...# ≈
####.#.####.
##......... #
#.......... +
##....###.. # #....#
#.#.## #.#.####.#
#........# #+#


You could see an orc priest (inner flame), an orc wizard and an orc.

Vanquished Creatures
  2 adders
  An ooze (D:2)
  A worm (D:3)
  A dart slug (D:2)
  3 leopard geckos
  2 orcs (D:3)
  5 bats
  7 goblins
  8 hobgoblins
  2 jackals (D:3)
  3 ball pythons
  7 frilled lizards
  3 kobolds (D:2)
  5 rats
50 creatures vanquished.

Notes
Turn   | Place    | Note
-------+----------+-------------------------------------------
     0 | D:1      | Minion the Ogre Fire Elementalist began the quest for the Orb.
     0 | D:1      | Reached XP level 1. HP: 16/16 MP: 3/3
   389 | D:1      | Reached XP level 2. HP: 24/24 MP: 1/5
   521 | D:1      | Reached skill level 3 in Spellcasting
  1491 | D:2      | Reached XP level 3. HP: 31/31 MP: 4/7
  1543 | D:2      | Learned a level 2 spell: Throw Flame
  2039 | D:2      | Found a bloodstained altar of Trog.
  2185 | D:2      | Found a shimmering altar of Xom.
  2358 | D:3      | Reached XP level 4. HP: 33/39 MP: 9/9
  2785 | D:3      | Learned a level 3 spell: Inner Flame
  2851 | D:3      | Found a white marble altar of Elyvilon.
  2883 | D:3      | Reached skill level 4 in Spellcasting
  2978 | D:3      | Slain by an orc priest

Vault maps used:
D:1:      zelgadis_glass_arrival_small, minmay_misc_feat_diagonals
D:2:      xom_butterflies, bloody_trog
D:3:      elyvilon_altar_4

Skill      XL: |  1  2  3  4 |
---------------+-------------+-----
Spellcasting   | 3 4 |  4.0
Fire Magic     | 3 |  3.7
Dodging        | |  1.7
Stealth        | |  1.4
Conjurations   | |  0.8

Action                   |  1- 3 |  4- 6 || total
-------------------------+-------+-------++-------
Melee: Unarmed           |    17 |       ||    17
       Broad axe         |    38 |    28 ||    66
 Cast: Flame Tongue      |    39 |     2 ||    41
       Throw Flame       |    16 |    10 ||    26
       Inner Flame       |       |     3 ||     3
 Stab: Sleeping          |       |     1 ||     1
  Eat: Chunk             |     5 |     2 ||     7
Armor: Robe              |    17 |    11 ||    28
Dodge: Dodged            |    48 |    29 ||    77
